 Dungeon Crawl Stone Soup version 0.18.1-47-g9310371 (webtiles) character file.

793 mindo the Thaumaturge (level 7, 0/36 HPs)
             Began as a Deep Elf Conjurer on June 14, 2016.
             Was an Initiate of Vehumet.
             Killed from afar by an orc wizard (3 damage)
             ... with a magic dart
             ... on level 5 of the Dungeon on June 15, 2016.
             The game lasted 00:43:39 (4912 turns).

mindo the Thaumaturge (Deep Elf Conjurer)           Turns: 4912, Time: 00:43:42

Health: 0/36       AC:  4    Str:  5    XL:     7   Next: 57%
Magic:  26/35      EV: 13    Int: 22    God:    Vehumet [......]
Gold:   214        SH:  0    Dex: 15    Spells: 3 memorised, 14 levels left

rFire  . . .     SeeInvis .     o - staff of power
rCold  . . .     Gourm    .     a - +0 robe
rNeg   . . .     Faith    .     (no shield)
rPois  .         Spirit   .     (no helmet)
rElec  .         Dismiss  .     (no cloak)
rCorr  +         Reflect  .     l - +0 pair of gloves
SustAt .         Harm     .     B - +0 pair of boots
MR     .....                    (no amulet)
Stlth  +++.......               (no ring)
                                h - ring of resist corrosion

@: not resistant to hostile enchantments, fairly stealthy
A: no striking features
a: Renounce Religion


You were on level 5 of the Dungeon.
You worshipped Vehumet.
Vehumet was noncommittal.
You were hungry.

You visited 2 branches of the dungeon, and saw 6 of its levels.

You collected 214 gold pieces.

Inventory:

Hand Weapons
 d - a +1 dagger of venom
 z - the +6 trident of Blood {drain, Int+5, unknown}
   (You found it on level 4 of the Dungeon)

   A truly terrible weapon, it drains the life of those it strikes.
   It affects your intelligence (+5).
Armour
 a - a +0 robe (worn)
 l - a +0 pair of gloves (worn)
 B - a +0 pair of boots (worn)
Magical Staves
 o - an uncursed staff of power (weapon)
Jewellery
 h - a ring of resist corrosion (left hand)
Wands
 y - a wand of iceblast (7/15)
Scrolls
 f - 2 scrolls of identify
 g - 3 scrolls of remove curse {unknown}
 i - 2 scrolls of magic mapping {unknown}
 j - 3 scrolls of fog {unknown}
 k - 2 scrolls of blinking {unknown}
 m - a scroll of recharging {unknown}
 q - 2 scrolls of enchant armour {unknown}
 r - 2 scrolls of random uselessness {unknown}
 s - a scroll of teleportation {unknown}
 t - 2 scrolls of immolation {unknown}
Potions
 e - a potion of brilliance {unknown}
 p - a potion of degeneration {unknown}
 v - a potion of lignification {unknown}
 w - a potion of heal wounds {unknown}
 x - a potion of might
 A - a potion of resistance {unknown}
 C - a potion of invisibility {unknown}
Books
 b - a book of Conjurations

   Spells                             Type                      Level
   a - Magic Dart                     Conjuration                  1
   b - Searing Ray                    Conjuration                  2
   c - Dazzling Spray                 Conjuration/Hexes            3
   d - Fulminant Prism                Conjuration/Hexes            4
   e - Iskenderun's Mystic Blast      Conjuration                  4
   f - Iskenderun's Battlesphere      Conjuration/Charms           5
Comestibles
 c - 3 bread rations
 n - 5 meat rations
 u - a slice of pizza


   Skills:
 - Level 2.5 Dodging
 * Level 4.0 Stealth
 + Level 8.4 Spellcasting
 * Level 7.4 Conjurations


You had 14 spell levels left.
You knew the following spells:

 Your Spells              Type           Power        Failure   Level  Hunger
a - Magic Dart            Conj           ####         1%          1    None
b - Searing Ray           Conj           #####.       1%          2    None
c - Iskenderun's Battles  Conj/Chrm      ####....     50%         5    #####..


Dungeon Overview and Level Annotations

Branches:
Dungeon (5/15)             Temple (1/1) D:4

Altars:
Ashenzari
Cheibriados
Dithmenos
Elyvilon
Gozag
Kikubaaqudgha
Makhleb
Okawaru
Pakellas
Qazlal
Ru
Sif Muna
Vehumet
Yredelemnul
The Shining One


Message History

Confirm with . or Enter, or press ? or * to list all spells.
Aiming: Searing Ray
Press: ? - help, Shift-Dir - straight line, f - orc wizard, p - orc wizard
Aim: an orc wizard, wielding a dagger and wearing a robe (fast)
The searing ray misses the orc wizard.
The searing ray hits the orc.
You kill the orc!
Vehumet accepts your kill. The orc wizard barely misses you.
The orc wizard casts a spell.
The orc wizard blinks!
The orc wizard casts a spell at you. The magic dart hits you!
* * * LOW HITPOINT WARNING * * *
The searing ray hits the orc wizard.
The orc wizard is moderately wounded.
The orc wizard hits you with a dagger.
* * * LOW HITPOINT WARNING * * *
The orc wizard points at you and mumbles some strange words.
The magic dart hits you!
You die...

.##.# #.##.#.#### ..#.#
#.##.#.###############
..#(#####......#.............####
..#..........###.#####.##........
.........##### #.#####.##.##.###.
..#####...# #.##.......##.# #.
### #...# #.......#####.# #.
#...# #.##.##.§)....# #. #...#
#@......####### #. #...#
#o##[o..## ## #...#
#†##...#..#######
#######...######.##...##.#.....#
......................###......#
...........o...................#
..........o..............#.....#
##.####...#######........#.....#
##.# #...# ###......#######


You could see 2 orc wizards.

Vanquished Creatures
  A phantom (D:4)
  An ogre (D:4)
  2 scorpions
  3 crimson imps
  A hound (D:3)
  An orc priest (D:3)
  3 orc wizards
  An iguana (D:5)
  2 worker ants
  6 adders
  A howler monkey skeleton (D:5)
  A shadow imp (D:5)
  An ooze (D:2)
  2 worms
  3 dart slugs
  2 giant geckos
  17 orcs
  4 ball pythons
  3 giant cockroaches
  5 goblins
  3 hobgoblins
  14 jackals
  4 quokkas
  9 bats
  A giant gecko zombie (D:5)
  2 giant newts (D:1)
  A jackal skeleton (D:4)
  10 kobolds
  8 rats
112 creatures vanquished.

Notes
Turn   | Place    | Note
--------------------------------------------------------------
     0 | D:1      | mindo the Deep Elf Conjurer began the quest for the Orb.
     0 | D:1      | Reached XP level 1. HP: 10/10 MP: 6/6
   184 | D:1      | Reached XP level 2. HP: 11/15 MP: 2/8
   532 | D:1      | Learned a level 2 spell: Searing Ray
   717 | D:1      | Reached skill level 5 in Conjurations
   757 | D:1      | Reached XP level 3. HP: 19/19 MP: 2/10
   905 | D:1      | Reached skill level 4 in Spellcasting
  1582 | D:2      | Reached XP level 4. HP: 20/24 MP: 6/12
  2089 | D:2      | You fall through a shaft!
  2183 | D:3      | Found a shadowy altar of Dithmenos.
  2201 | D:3      | Reached skill level 5 in Spellcasting
  2413 | D:3      | Reached XP level 5. HP: 26/28 MP: 14/14
  2424 | D:3      | Learned a level 3 spell: Summon Guardian Golem
  2483 | D:3      | HP: 1/28 [goblin/club (3)]
  3160 | D:3      | Found a shadowy altar of Dithmenos.
  3285 | D:4      | Found a staircase to the Ecumenical Temple.
  3305 | D:4      | Reached skill level 6 in Spellcasting
  3392 | Temple   | Entered the Ecumenical Temple
  3483 | Temple   | Became a worshipper of Vehumet
  3611 | D:4      | Found an opulent altar of Gozag.
  3624 | D:4      | Found a basalt altar of Yredelemnul.
  3657 | D:4      | Found an oddly glowing altar of Pakellas.
  3675 | D:4      | Reached XP level 6. HP: 32/32 MP: 17/17
  3704 | D:5      | Entered Level 5 of the Dungeon
  3713 | D:5      | Noticed an ice beast
  3904 | D:5      | Reached skill level 7 in Spellcasting
  4267 | D:5      | Learned a level 5 spell: Iskenderun's Battlesphere
  4429 | D:4      | Reached XP level 7. HP: 16/36 MP: 20/20
  4497 | D:4      | Got a crystal trident
  4574 | D:4      | Reached skill level 8 in Spellcasting
  4912 | D:5      | Killed from afar by an orc wizard

Skill      XL: |  1  2  3  4  5  6  7 |
---------------+----------------------+-----
Conjurations   | 5 6 7 |  7.4
Spellcasting   | 4 5 6 7 8 |  8.4
Stealth        | 3 4 |  4.0
Dodging        | |  2.5

Action                   |  1- 3 |  4- 6 |  7- 9 || total
-------------------------+-------+-------+-------++-------
Melee: Dagger            |    27 |       |       ||    27
 Cast: Magic Dart        |    62 |    85 |    22 ||   169
       Searing Ray       |     8 |    26 |     6 ||    40
       Summon Guardian G |       |     2 |       ||     2
       Iskenderun's Batt |       |       |     2 ||     2
  Use: Scroll            |       |     2 |     4 ||     6
       Potion            |       |       |     1 ||     1
  Eat: Bread ration      |     1 |     1 |       ||     2
       Pizza             |       |     1 |       ||     1
       Royal jelly       |       |       |     1 ||     1
Armor: Robe              |    11 |     1 |     8 ||    20
Dodge: Dodged            |    38 |    19 |    13 ||    70
